 Dungeon Crawl Stone Soup version 0.29.0-4-gdea44cf6ec (webtiles) character file.

Game seed: 17519757748767866963

1391 Sin92 the Trooper (level 8, -3/62 HPs)
             Began as a Demonspawn Fighter on Aug 27, 2022.
             Killed by divine providence
             ... invoked by an orc priest
              (10 damage)
             ... on level 6 of the Dungeon.
             The game lasted 00:08:34 (5508 turns).

Sin92 the Trooper (Demonspawn Fighter)              Turns: 5508, Time: 00:08:35

Health: -3/62      AC:  7    Str: 18    XL:     8   Next: 40%
Magic:  8/8        EV: 10    Int: 11    God:
Gold:   252        SH:  5    Dex: 14    Spells: 7/7 levels left

rFire   . . .      SeeInvis .   i - +3 whip
rCold   . . .      Faith    .   c - +0 buckler
rNeg    . . .      Spirit   .   b - +0 scale mail
rPois   +          Reflect  .   (no helmet)
rElec   .          Harm     .   (no cloak)
rCorr   .          Rampage  .   (no gloves)
Will    .....                   (no boots)
Stlth   ..........              (no amulet)
HPRegen 0.20/turn               l - ring of poison resistance
MPRegen 0.11/turn               (no ring)

@: no status effects
A: spiny 2, big brain 1, weakness stinger 1
a: no special abilities


You were on level 6 of the Dungeon.
You visited 1 branch of the dungeon, and saw 6 of its levels.

You collected 252 gold pieces.

Inventory:

Hand Weapons
 a - a +1 war axe
 i - a +3 whip (weapon)
Missiles
 p - a throwing net (quivered)
Armour
 b - a +0 scale mail (worn)
 c - a +0 buckler (worn)
Jewellery
 h - a ring of fire
 l - a ring of poison resistance (left hand)
 t - a ring of resist corrosion
Wands
 g - a wand of mindburst (17)
 o - a wand of quicksilver (8)
Scrolls
 e - 4 scrolls of identify
 m - 3 scrolls of teleportation
 q - a scroll of poison {unknown}
Potions
 d - a potion of mutation {unknown}
 f - a potion of flight {unknown}
 j - 2 potions of berserk rage
 k - 2 potions of magic {unknown}
 n - 3 potions of curing {unknown}
 r - a potion of lignification {unknown}
 s - a potion of heal wounds


   Skills:
 + Level 5.2 Fighting
 - Level 4.9(5.4) Axes
 * Level 3.5(4.8) Maces & Flails
 + Level 4.9 Armour
 + Level 2.6 Dodging
 - Level 1.1 Stealth
 + Level 4.1 Shields


You had 7 spell levels left.
You didn't know any spells.
Your spell library contained the following spells:

 Spells                   Type           Power      Damage    Failure   Level
 Beastly Appendage        Tmut           0%         N/A       80%         1
 Slow                     Hex            0%         N/A       80%         1
 Sublimation of Blood     Necr           0%         N/A       91%         2
 Wereblood                Tmut           0%         N/A       91%         2
 Spider Form              Tmut/Pois      0%         N/A       99%         3
 Petrify                  Tmut/Erth      0%         N/A       100%        4
 Summon Lightning Spire   Summ/Air       0%         N/A       100%        4
 Irradiate                Conj/Tmut      0%         3d11      100%        5
 Enfeeble                 Hex            0%         N/A       100%        7
 Malign Gateway           Summ/Tloc      0%         N/A       100%        7


Dungeon Overview and Level Annotations

Branches:
Dungeon (6/15)
 Temple: D:4-7

Altars:
Cheibriados

Shops:
D:1 [   D:2 (   D:3 :


Innate Abilities, Weirdness & Mutations

You are mostly covered in sharp spines.
You have an unusually large brain. (Int +2)
You have a small tail.


Message History

You block the orc warrior's attack.
Unknown command.
Unknown command.
You barely miss the orc warrior.
The orc warrior is severely wounded.
You hear some strange, mumbled words.
Something tries to affect you, but you resist.
The orc warrior completely misses you.
You hit the orc warrior.
The orc warrior is almost dead.
Reactivating autopickup.
You feel a bit more experienced.
The orc warrior hits you with a +0 hand axe!
Unknown command.
You closely miss the orc warrior.
The orc warrior is almost dead.
You block the orc's attack. You block the orc warrior's attack.
You closely miss the orc warrior.
Your tail-slap misses the orc warrior.
The orc warrior is almost dead.
The orc hits you with a +0 hand axe.
The orc warrior hits you with a +0 hand axe!
* * * LOW HITPOINT WARNING * * *
You hit the orc warrior.
The orc warrior is almost dead.
The orc warrior is struck by your spines.
You kill the orc warrior!
Unknown command.
You whack the orc!
You kill the orc!
You block the orc priest's attack.
The orc priest looks encouraged for a moment.
Things that are here:
a +0 hand axe; a +0 hand axe; a +0 chain mail You closely miss the orc priest.
You tail-slap the orc priest.
The orc priest is moderately wounded.
You whack the orc priest!
Your tail-slap misses the orc priest.
The orc priest is severely wounded.
The orc priest invokes the aid of Beogh against you.
Beogh smites you!
You die...

### ###.. ..#.#
#####.#.# #
....#.#.####.#
#...#.#.....
##:......# #
#......###....
#.###..)#@o....#
#.......#####.## #.
######.## #.# #.#
###.# ##'## ....#
##...## ....#
##.....## ....##
##.......##
.....####.........#


You could see an orc priest.

Vanquished Creatures
  Sigmund (D:5)
  Duvessa (D:5)
  2 ice beasts
  An orc warrior (D:6)
  2 ogres
  A necrophage (D:6)
  3 scorpions
  Dowan (D:5)
  A howler monkey (D:5)
  A gnoll bouda (D:4)
  An orc priest (D:5)
  2 jellies
  3 iguanas
  An orc wizard (D:6)
  A mummy (D:4)
  3 gnolls (D:4)
  5 adders
  2 dart slugs
  6 orcs
  6 ball pythons
  7 endoplasms
  5 giant cockroaches
  4 goblins
  6 hobgoblins
  7 kobolds
  3 quokkas
  4 frilled lizards
  6 rats
86 creatures vanquished.

Notes
Turn   | Place    | Note
-------+----------+-------------------------------------------
     0 | D:1      | Sin92 the Demonspawn Fighter began the quest for the Orb.
     0 | D:1      | Reached XP level 1. HP: 18/18 MP: 1/1
   215 | D:1      | Found Vuffin's Antique Armour Emporium.
   324 | D:1      | Got the Commentary on Leadership and Ensorcelling
   379 | D:1      | Gained mutation: You have an unusually large brain. (Int
                  | +2) [demonic ancestry]
   379 | D:1      | Reached XP level 2. HP: 13/24 MP: 2/2
   626 | D:1      | Found a faded altar of an unknown god.
  1355 | D:2      | Reached XP level 3. HP: 29/29 MP: 3/3
  1434 | D:2      | Found Etopt's Weapon Shoppe.
  2264 | D:3      | Gained mutation: You are partially covered in sharp spines.
                  | [demonic ancestry]
  2264 | D:3      | Reached XP level 4. HP: 36/36 MP: 4/4
  2277 | D:3      | Found Moddate's Book Shop.
  2675 | D:4      | Gained mutation: You have a small tail. [demonic ancestry]
  2675 | D:4      | Reached XP level 5. HP: 30/42 MP: 5/5
  2842 | D:4      | Noticed an ogre
  2852 | D:4      | Killed an ogre
  2853 | D:4      | Reached skill level 4 in Fighting
  2853 | D:4      | Reached skill level 1 in Stealth
  3122 | D:4      | Found a snail-covered altar of Cheibriados.
  3135 | D:4      | Gained mutation: You are mostly covered in sharp spines.
                  | [demonic ancestry]
  3135 | D:4      | Reached XP level 6. HP: 44/48 MP: 6/6
  3838 | D:5      | Entered Level 5 of the Dungeon
  4301 | D:5      | Reached skill level 1 in Dodging
  4301 | D:5      | Reached XP level 7. HP: 51/55 MP: 7/7
  4406 | D:5      | Noticed Duvessa
  4406 | D:5      | Noticed Dowan
  4415 | D:5      | Killed Dowan
  4416 | D:5      | Reached skill level 1 in Maces & Flails
  4418 | D:5      | Killed Duvessa
  4971 | D:5      | Noticed Sigmund
  4983 | D:5      | Killed Sigmund
  4984 | D:5      | Reached XP level 8. HP: 45/61 MP: 8/8
  5155 | D:6      | Reached skill level 5 in Fighting
  5508 | D:6      | Killed from afar by an orc priest

Illustrated notes

Levels and vault maps discovered:
D:1:      amcnicky_arrival_wind_blow, layout_basic, serial_shops, shop,
          ebering_ecumenical_altar_box
D:2:      layout_loops_ring, serial_shops, shop_fountains,
          chequers_serial_rivers_micro_e, nicolae_elevator_lobby_asterisk
D:3:      layout_loops_cross, serial_shops, shop_fountains
D:4:      layout_loops_cross, slow_altar_1
D:5:      layout_loops_cross, mainiacjoe_overflow_catwalk, uniq_sigmund,
          uniq_duvessa
D:6:      layout_loops_corners, xom_redecorated, minmay_temple_entry_wispy,
          minivault_10, ebering_dispersal_statue_hall

Skill      XL: |  1  2  3  4  5  6  7  8 |
---------------+-------------------------+-----
Axes           | 2 3 4 |  4.9
Armour         | 3 4 |  4.9
Shields        | 3 4 |  4.1
Fighting       | 4 5 |  5.2
Stealth        | 1 |  1.1
Dodging        | 1 2 |  2.6
Maces & Flails | 2 3 |  3.5

Action                   |  1- 3 |  4- 6 |  7- 9 || total
-------------------------+-------+-------+-------++-------
Melee: War axe           |   122 |    61 |       ||   183
       Tailslap          |       |     4 |    21 ||    25
       Whip              |       |       |    80 ||    80
  Use: Potion            |       |     2 |       ||     2
       Scroll            |       |     8 |       ||     8
Armor: Scale mail        |    70 |    14 |    20 ||   104
Dodge: Dodged            |    48 |    19 |    23 ||    90
Block: Buckler           |    19 |    14 |    14 ||    47
